Match 32688027
Unlisted

Match 32688027
End
Construct Barracks
Riflemen Squad
Riflemen Squad
Riflemen Squad
Selects Advanced Infantry Battlegroup
Selects Convert to Ranger Squad
Convert to Ranger Squad
Infantry Support Center
Selects Frontline Medical Station
Advanced Logistics
Construct Medical Station
Munitions Surplus
Convert to Ranger Squad
Grenade Package
Riflemen Squad
Construct Weapon Support Center
Improved M9 Bazooka Rockets
Convert to Ranger Squad
Selects Ranger Weapon Training
Selects Ammunition Storage
Riflemen Squad
Selects M2A1 105mm Howitzer Emplacement
Convert to Ranger Squad
Ranger Squad
Convert to Ranger Squad
Frontline Medical Station
Riflemen Squad
Convert to Ranger Squad
Engineer Squad
Bruistablet
Professor gibberish
Majken
Flash
0
0

Comments sign in to comment!

No comments posted yet!